 Dungeon Crawl Stone Soup version 0.17-a0-129-g9432df0 (webtiles) character file.

13906 PolkaDot the Bewitcher (level 11, -2/68 HPs)
             Began as a Vampire Enchanter on Mar 24, 2015.
             Was an Elder of Dithmenos.
             Slain by a yak (11 damage)
             ... on level 12 of the Dungeon.
             The game lasted 00:40:21 (12985 turns).

PolkaDot the Bewitcher (Vampire Enchanter)         Turns: 12985, Time: 00:40:21

Health: -2/68      AC:  7    Str:  7    XL:     11   Next: 81%
Magic:  20/25      EV: 12    Int: 20    God:    Dithmenos [****..]
Gold:   584        SH:  3    Dex: 14    Spells: 4 memorised, 4 levels left

rFire  + + .     SeeInvis +     x - +0 dagger
rCold  + + +     Clarity  .     n - +1 robe of Limited Liability {rPois rF++ rCorr Stlth-}
rNeg   + + +     SustAb   .     g - +0 buckler
rPois  ∞         Gourm    .     e - +1 helmet
rElec  .         Spirit   .     (no cloak)
rCorr  +         Warding  .     i - +1 pair of gloves (curse)
rMut   .         Stasis   .     (no boots)
MR     +....                    (no amulet)
Stlth  +++++++++.               s - ring of invisibility
                                F - ring of protection from cold

@: very slightly contaminated, bloodless, non-regenerating, wreathed by umbra,
invisible, somewhat resistant to hostile enchantments, incredibly stealthy
A: bottle blood, fangs 3, see invisible, unbreathing
a: Bat Form, Shadow Step, Renounce Religion, Turn Visible


You were on level 12 of the Dungeon.
You worshipped Dithmenos.
Dithmenos was greatly pleased with you.
You were bloodless.

You visited 2 branches of the dungeon, and saw 13 of its levels.

You collected 584 gold pieces.

Inventory:

Hand weapons
 x - a +0 dagger (weapon)
Missiles
 k - 2 throwing nets (quivered)
Armour
 e - a +1 helmet (worn)
 g - a +0 buckler (worn)
 i - a cursed +1 pair of gloves (worn)
 n - the +1 robe of Limited Liability (worn) {rPois rF++ rCorr Stlth-}
   (You found it on level 5 of the Dungeon)

   It greatly protects you from fire.
   It protects you from poison.
   It protects you from acid and corrosion.
   It makes you less stealthy.
 I - a troll hide
Jewellery
 s - a ring of invisibility (right hand)
 F - a ring of protection from cold (left hand)
Magical devices
 p - a wand of cold (5)
 r - a wand of confusion (17)
 w - a wand of draining (0)
 y - a wand of lightning (8)
 A - a wand of lightning (9)
 D - a wand of slowing (22)
 E - a wand of paralysis (0)
 K - a wand of magic darts (26)
Scrolls
 a - 3 scrolls of enchant weapon
 f - 5 scrolls of remove curse
 l - a scroll of enchant armour
 m - 2 scrolls of identify
 o - a scroll of fog
 q - 7 scrolls of teleportation
 v - a scroll of noise
 z - 2 scrolls of magic mapping
 B - 2 scrolls of recharging
 G - a scroll of amnesia {unknown}
 J - a scroll of blinking {unknown}
Potions
 b - 2 potions of heal wounds
 c - 2 potions of resistance
 d - 3 potions of ambrosia
 h - 2 potions of brilliance
 j - 5 potions of curing
 t - a potion of flight
 u - a potion of restore abilities
 C - a potion of might
 H - 2 potions of blood {@*1}


   Skills:
 + Level 5.0 Short Blades
 - Level 2.1 Dodging
 + Level 14.3 Stealth
 - Level 2.0 Spellcasting
 * Level 15.3 Hexes
 - Level 2.0 Ice Magic
 - Level 11.6 Evocations


You had 4 spell levels left.
You knew the following spells:

 Your Spells              Type           Power        Failure   Level  Hunger
a - Corona                Hex            ######.      1%          1    #......
c - Confuse               Hex            ######..     1%          3    ###....
d - Ensorcelled Hibernat  Hex/Ice        #####.       1%          2    ##.....
e - Enslavement           Hex            ######..     1%          4    #####..


Dungeon Overview and Level Annotations

Branches:
Dungeon (12/15)            Temple (1/1) D:6            Lair (0/8) D:8
    Orc: D:9-12

Altars:
Ashenzari
Cheibriados
Dithmenos
Fedhas
Gozag
Kikubaaqudgha
Makhleb
Nemelex Xobeh
Okawaru
Qazlal
Ru
Sif Muna
Trog
Vehumet
Xom
Yredelemnul
Zin
The Shining One
Jiyva

Shops:
D:6 }


Innate Abilities, Weirdness & Mutations

You do not heal naturally.
You can bottle blood from corpses.
You have razor-sharp teeth.
You have supernaturally acute eyesight.
You can survive without breathing.


Message History

The yak bellows! x3
You hear a bellow! x2
An active ballistomycete comes into view.
Casting: Confuse
Confirm with . or Enter, or press ? or * to list all spells.
Aiming: Ensorcelled Hibernation
Press: ? - help, Shift-Dir - straight line, f - active ballistomycete
Aim: an active ballistomycete (umbra, magic immune)
The active ballistomycete is unaffected.
The yak gores you!
* * * LOW HITPOINT WARNING * * *
You block the yak's attack.
Casting: Ensorcelled Hibernation
Confirm with . or Enter, or press ? or * to list all spells.
Aiming: Ensorcelled Hibernation
Press: ? - help, Shift-Dir - straight line, f - yak, p - active ballistomycete
Aim: a yak (hasn't noticed you, umbra, chance 64%)
The yak resists with significant effort.
The yak gores you!
You die...

. #.. #.# # #.# .#
#.#####.#
#############....Y..#
.................Y..#
#....#### #....P@Y$.#
#....# #.........#
#....# #....PY...#
#....######.........#
#.............####..#
.........(..........#
#####################


You could see 4 yaks and an active ballistomycete.

Vanquished Creatures
  Fannar (D:11)
  4 hill giants
  Pikel (D:9)
  An ugly thing (D:11)
  2 cyclopes
  A centaur skeleton (D:11)
  2 trolls
  The ghost of Veiltonx the Sneak, an experienced SpEn (D:5)
  A trapdoor spider zombie (D:10)
  A basilisk (D:8)
  2 deep elf magi
  A wraith (D:11)
  2 wyverns
  A hippogriff (D:8)
  A steam dragon (D:10)
  Edmund (D:5)
  5 yaks
  5 sky beasts
  A water moccasin (D:7)
  2 porcupines (D:8)
  An ice beast (D:9)
  An eye of draining (D:9)
  2 wasps
  5 orc warriors
  6 ogres
  2 black bears
  2 phantoms
  3 centaurs
  A necrophage (D:6)
  6 crocodiles (D:8)
  A gnoll sergeant (D:7)
  7 giant frogs
  A wyvern skeleton (D:9)
  7 scorpions
  A water moccasin skeleton (D:6)
  10 killer bees
  2 electric eels (D:8)
  3 wights (D:7)
  2 goliath beetles (D:6)
  A wasp zombie (D:8)
  A gnoll shaman (D:4)
  4 crimson imps
  A giant frog skeleton (D:11)
  4 hounds
  A centaur zombie (D:4)
  6 orc wizards
  2 iguanas
  8 orc priests
  7 jellies
  A wyvern simulacrum (D:8)
  7 worker ants
  5 sheep (D:8)
  A mummy (D:11)
  2 hound skeletons
  Terence (D:2)
  Robin (D:3)
  10 adders
  11 gnolls
  3 river rats (D:8)
  4 shadow imps
  4 white imps (D:8)
  A hound simulacrum (D:8)
  A worm (D:4)
  A giant mite (D:1)
  2 adder zombies
  An adder skeleton (D:7)
  30 orcs
  A ball python (D:2)
  14 bats
  A bat skeleton (D:5)
  A bat zombie (D:7)
  21 goblins
  17 hobgoblins
  7 jackals (D:3)
  4 oozes
  5 quokkas
  8 giant cockroaches
  A giant cockroach zombie (D:6)
  7 giant geckos
  2 giant newts (D:3)
  A giant spore (D:10)
  15 kobolds
  A kobold zombie (D:7)
  2 orc zombies (D:7)
  11 rats
  A ballistomycete (D:10)
340 creatures vanquished.

Vanquished Creatures (others)
  A yak (D:12)
  A giant frog (D:9)
  A hound (D:9)
  A shadow imp (D:7)
  An ooze (D:3)
  2 goblins (D:3)
  A giant spore (D:12)
  A fungus (D:5)
  A plant (D:8)
10 creatures vanquished.

Grand Total: 350 creatures vanquished

Notes
Turn   | Place    | Note
--------------------------------------------------------------
     0 | D:1      | PolkaDot, the Vampire Enchanter, began the quest for the Orb.
     0 | D:1      | Reached XP level 1. HP: 13/13 MP: 3/3
   229 | D:1      | Reached XP level 2. HP: 19/19 MP: 4/4
   258 | D:1      | Learned a level 2 spell: Ensorcelled Hibernation
   403 | D:1      | Reached skill level 5 in Hexes
   593 | D:2      | Noticed Terence
   596 | D:2      | Killed Terence
   596 | D:2      | Reached XP level 3. HP: 24/24 MP: 6/6
   645 | D:2      | Learned a level 3 spell: Confuse
   668 | D:2      | Reached skill level 5 in Stealth
   859 | D:2      | Reached skill level 6 in Hexes
  1187 | D:2      | Reached XP level 4. HP: 27/30 MP: 2/7
  1566 | D:3      | Noticed Robin
  1587 | D:3      | Killed Robin
  2005 | D:3      | Reached XP level 5. HP: 33/35 MP: 9/9
  2008 | D:3      | Found a shimmering altar of Xom.
  2009 | D:3      | Found a burning altar of Makhleb.
  2011 | D:3      | Reached skill level 7 in Hexes
  2616 | D:4      | Reached XP level 6. HP: 37/41 MP: 1/10
  2978 | D:4      | Reached skill level 1 in Ice Magic
  3097 | D:4      | Reached skill level 8 in Hexes
  3613 | D:5      | Entered Level 5 of the Dungeon
  3677 | D:5      | Noticed Edmund
  3682 | D:5      | Killed Edmund
  3682 | D:5      | Reached skill level 1 in Evocations
  3682 | D:5      | Reached XP level 7. HP: 46/46 MP: 9/12
  3943 | D:5      | Found an ancient bone altar of Kikubaaqudgha.
  3946 | D:5      | Found a blossoming altar of Fedhas.
  3980 | D:5      | Reached skill level 9 in Hexes
  4017 | D:5      | Got a heavy robe
  4028 | D:5      | Identified the +1 robe of Limited Liability {rPois rF++ rCorr Stlth-} (You found it on level 5 of the Dungeon)
  4297 | D:5      | Noticed Veiltonx's ghost (experienced SpEn)
  4349 | D:5      | Killed Veiltonx's ghost
  4472 | D:5      | Reached XP level 8. HP: 26/52 MP: 7/13
  5174 | D:5      | Learned a level 4 spell: Enslavement
  5525 | D:6      | Reached skill level 10 in Hexes
  5542 | D:6      | Reached skill level 5 in Evocations
  5544 | D:6      | Found a staircase to the Ecumenical Temple.
  5674 | Temple   | Entered the Ecumenical Temple
  5739 | Temple   | Became a worshipper of Dithmenos the Shadowed
  6233 | D:6      | Found Smetam's Gadget Shop.
  6244 | D:6      | Reached XP level 9. HP: 57/57 MP: 15/18
  6266 | D:6      | Reached skill level 10 in Stealth
  6545 | D:6      | Found a stormy altar of Qazlal.
  6601 | D:6      | Reached skill level 11 in Hexes
  6874 | D:6      | Found a sparkling altar of Nemelex Xobeh.
  7530 | D:7      | Acquired Dithmenos' first power
  8297 | D:8      | Found a staircase to the Lair.
  8313 | D:8      | Reached skill level 12 in Hexes
  8393 | D:8      | Reached XP level 10. HP: 60/63 MP: 18/21
  8728 | D:8      | Acquired Dithmenos' second power
  9390 | D:9      | Noticed a hill giant
  9413 | D:9      | Killed a hill giant
  9495 | D:9      | Reached skill level 13 in Hexes
  9495 | D:9      | Reached skill level 10 in Evocations
 10054 | D:9      | Noticed Pikel
 10061 | D:9      | Killed Pikel
 10106 | D:9      | Found a viscous altar of Jiyva.
 10248 | D:9      | Reached XP level 11. HP: 68/68 MP: 24/24
 10438 | D:9      | Acquired Dithmenos' third power
 10622 | D:10     | Entered Level 10 of the Dungeon
 10833 | D:10     | Noticed a hill giant
 10849 | D:10     | Killed a hill giant
 11253 | D:10     | Noticed an unseen horror
 11487 | D:11     | Noticed a hill giant
 11489 | D:11     | Noticed Fannar
 11494 | D:11     | Killed a hill giant
 11508 | D:11     | Paralysed by Fannar for 4 turns
 11519 | D:11     | Killed Fannar
 11519 | D:11     | Reached skill level 14 in Hexes
 12852 | D:12     | Noticed a hill giant
 12872 | D:12     | Killed a hill giant
 12872 | D:12     | Reached skill level 15 in Hexes
 12927 | D:12     | Reached skill level 5 in Short Blades
 12985 | D:12     | Slain by a yak

Action                   |  1- 3 |  4- 6 |  7- 9 | 10-12 || total
-------------------------+-------+-------+-------+-------++-------
Melee: Dagger            |    73 |   202 |   369 |   327 ||   971
 Cast: Ensorcelled Hiber |    10 |    20 |    78 |    73 ||   181
       Confuse           |       |     6 |    19 |    14 ||    39
       Corona            |       |       |     1 |     1 ||     2
       Enslavement       |       |       |       |     4 ||     4
 Abil: Evoke Invisibilit |       |       |     5 |    12 ||    17
       Turn Visible      |       |       |     2 |     5 ||     7
Evoke: Wand              |       |     3 |     4 |     5 ||    12
  Use: Potion            |       |     8 |     3 |       ||    11
       Scroll            |       |    12 |       |     3 ||    15
 Stab: Sleeping          |    17 |    27 |    67 |    86 ||   197
       Invisible         |       |     4 |    14 |    21 ||    39
       Distracted        |       |     1 |     2 |     1 ||     4
       Confused          |       |     4 |    12 |    19 ||    35
  Eat: Corpse            |       |       |     1 |       ||     1
